 Dungeon Crawl Stone Soup version 0.30-a0-632-g346586fe48 (webtiles) character file.

Game seed: 17495313821049956247

331 themarg the Insei (level 6, -2/47 HPs)
             Began as a Gnoll Transmuter on Jan 13, 2023.
             Was a Priest of Makhleb.
             Succumbed to a kobold brigand's curare-tipped dart
             ... in a sewer.
             The game lasted 00:08:43 (3270 turns).

themarg the Insei (Gnoll Transmuter)                Turns: 3270, Time: 00:08:44

Health: -2/47      AC:  2    Str:  9    XL:     6   Next: 52%
Magic:  9/14       EV: 22    Int: 15    God:    Makhleb [***...]
Gold:   165        SH:  0    Dex: 17    Spells: 9/15 levels left

rFire   . . .      SeeInvis .      - Unarmed
rCold   . . .      Faith    .    (shield currently unavailable)
rNeg    . . .      Spirit   .    (body armour currently unavailable)
rPois   x          Reflect  .    (helmet currently unavailable)
rElec   .          Harm     .    (cloak currently unavailable)
rCorr   .          Rampage  .    (gloves currently unavailable)
Will    .....                    (boots currently unavailable)
Stlth   ++                       (no amulet)
HPRegen 0.27/turn                (no ring)
MPRegen 0.14/turn                (no ring)

@: lethally poisoned (-2 -> -51), spider-form (expiring), very slightly
contaminated, slowed, studying Translocations, very slow
A: venomous fangs, tiny, (fangs 1), strong nose, distributed training
a: End Transformation, Renounce Religion, Minor Destruction, Lesser Servant of
Makhleb


You were in a sewer.
You worshipped Makhleb.
Makhleb was most pleased with you.
You were a venomous arachnid creature.
You visited 1 branch of the dungeon, and saw 3 of its levels.
You also visited: Sewer.

You collected 165 gold pieces.

Inventory:

Missiles
 j - 33 stones
 q - a curare-tipped dart
Armour
 a - a +0 robe (melded)
Jewellery
 k - a ring of positive energy
Scrolls
 c - 2 scrolls of amnesia {unknown}
 d - 2 scrolls of identify {unknown}
 e - 2 scrolls of fog {unknown}
 g - a scroll of vulnerability {unknown}
 h - 2 scrolls of enchant armour {unknown}
 o - a scroll of enchant weapon {unknown}
 p - a scroll of summoning {unknown}
Potions
 b - a potion of lignification
 f - a potion of mutation {unknown}
 i - a potion of flight {unknown}
 l - 2 potions of heal wounds {unknown}
 m - a potion of curing {unknown}
 n - a potion of might {unknown}


   Skills:
 + Level 3.3 Fighting
 + Level 2.1 Short Blades
 + Level 2.1 Long Blades
 + Level 2.1 Axes
 + Level 2.1 Maces & Flails
 + Level 2.1 Polearms
 + Level 2.1 Staves
 + Level 2.1 Ranged Weapons
 + Level 2.1 Throwing
 + Level 2.1 Armour
 + Level 5.0 Dodging
 + Level 2.1 Stealth
 + Level 2.1 Shields
 + Level 6.9 Unarmed Combat
 + Level 5.4 Spellcasting
 + Level 1.6 Conjurations
 + Level 1.6 Hexes
 + Level 1.6 Summonings
 + Level 1.6 Necromancy
 + Level 2.3 Translocations
 + Level 4.1 Transmutations
 + Level 1.6 Fire Magic
 + Level 1.6 Ice Magic
 + Level 1.6 Air Magic
 + Level 1.6 Earth Magic
 + Level 1.6 Poison Magic
 + Level 2.3 Invocations
 + Level 2.1 Evocations


You had 9 spell levels left.
You knew the following spells:

 Your Spells              Type           Power      Damage    Failure   Level
a - Beastly Appendage     Tmut           32%        N/A       10%         1
b - Wereblood             Tmut           16%        N/A       13%         2
c - Spider Form           Tmut/Pois      12%        N/A       32%         3

Your spell library contained the following spells:

 Spells                   Type           Power      Damage    Failure   Level
 Ice Form                 Ice/Tmut       12%        N/A       65%         4


Dungeon Overview and Level Annotations

Branches:
Dungeon (3/15)              Sewer (1/1)

Altars:
Hepliaklqana
Makhleb

Shops:
D:1 (

Annotations:
D:3 5 exclusions


Innate Abilities, Weirdness & Mutations

You are a venomous arachnid creature.
You have venomous fangs.
You are tiny and dextrous.
Your spellcasting is less reliable in this form.
Your armour is entirely melded.
You are incapable of wielding weapons or throwing items.
((You have very sharp teeth.))
Your uncanny sense of smell can sniff out nearby items.
Your experience applies equally to all skills.


Message History

q - a curare-tipped dart You see here a +0 short sword.
You see here a +0 short sword.
You enter the shallow water.
Moving in this stuff is going to be slow.
You enter the shallow water.
Moving in this stuff is going to be slow.
You enter the shallow water.
Moving in this stuff is going to be slow.
You enter the shallow water.
Moving in this stuff is going to be slow.
You enter the shallow water.
Moving in this stuff is going to be slow.
You enter the shallow water.
Moving in this stuff is going to be slow.
You enter the shallow water.
Moving in this stuff is going to be slow.
You enter the shallow water.
Moving in this stuff is going to be slow.
A kobold brigand and a worm come into view.
The kobold brigand is wielding a +0 dagger of speed and quivering curare-tipped darts.
You miscast Spider Form.
You are very lightly contaminated with residual magic.
Nothing appears to happen.
The kobold brigand throws a curare-tipped dart.
The curare-tipped dart hits you.
You are poisoned.
You have difficulty breathing.
You feel yourself slow down.
You turn into a venomous arachnid creature.
Your +0 robe melds into your body.
You feel extremely sick.
Your transformation is almost over.
You feel extremely sick.
The kobold brigand throws a curare-tipped dart.
The curare-tipped dart hits you.
You are lethally poisoned!
You have difficulty breathing.
You feel as though you will be slow longer.
You die...

#######
## ##
#.#.#.#
#. .#
#~#~#~#
#~ ~#
#~#~#~#
#K w#
#~#~#~#
~ #~#~#
~~#.~~#
~~
#~~~#
)###~##
#~ #s#
.# #.#
#~ #~#
~###~#
#~###~#
~~~~~#
#~~~~.#
#..~##
##~.~##
#.~.#
#~..#
#~~.#
#.~~#
#...##
##~~.#
#~~.~##
##.~~.#
###


You could see a kobold brigand and a worm.

Vanquished Creatures
  A kobold brigand (Sewer)
  2 orc priests (D:3)
  4 adders
  3 river rats (Sewer)
  5 worms
  3 dart slugs
  9 orcs (D:3)
  5 bats
  11 endoplasms
  8 giant cockroaches
  3 goblins
  4 hobgoblins
  2 jackals (D:2)
  12 quokkas
  7 ball pythons
  2 frilled lizards (D:2)
  13 kobolds
  17 rats
  A bush (D:1)
112 creatures vanquished.

Vanquished Creatures (others)
  A demonic plant (D:1)
  3 fungi (D:2)
  6 plants (D:1)
  4 toadstools (D:2)
14 creatures vanquished.

Grand Total: 126 creatures vanquished

Notes
Turn   | Place    | Note
-------+----------+-------------------------------------------
     0 | D:1      | themarg the Gnoll Transmuter began the quest for the Orb.
     0 | D:1      | Reached XP level 1. HP: 17/17 MP: 6/6
   147 | D:1      | Found Ruorryo's Antique Weapon Shop.
   181 | D:1      | Reached XP level 2. HP: 23/23 MP: 5/7
   186 | D:1      | Learned a level 2 spell: Wereblood
   421 | D:1      | Found a faded altar of an unknown god.
   442 | D:1      | Reached skill level 5 in Spellcasting
   442 | D:1      | Reached XP level 3. HP: 28/28 MP: 6/9
   446 | D:1      | Learned a level 3 spell: Spider Form
   449 | D:1      | Prayed at the altar of an unknown god.
   449 | D:1      | Became a worshipper of Makhleb the Destroyer
   449 | D:1      | Reached * piety under Makhleb
   810 | D:1      | Reached skill level 1 in Invocations
  1242 | D:2      | Reached skill level 1 in Short Blades
  1242 | D:2      | Reached skill level 1 in Long Blades
  1242 | D:2      | Reached skill level 1 in Axes
  1242 | D:2      | Reached skill level 1 in Maces & Flails
  1242 | D:2      | Reached skill level 1 in Polearms
  1242 | D:2      | Reached skill level 1 in Staves
  1242 | D:2      | Reached skill level 1 in Ranged Weapons
  1242 | D:2      | Reached skill level 1 in Throwing
  1242 | D:2      | Reached skill level 1 in Armour
  1242 | D:2      | Reached skill level 1 in Stealth
  1242 | D:2      | Reached skill level 1 in Shields
  1242 | D:2      | Reached skill level 1 in Evocations
  1485 | D:2      | Reached XP level 4. HP: 34/34 MP: 7/11
  1499 | D:2      | Reached skill level 1 in Translocations
  1612 | D:2      | Reached ** piety under Makhleb
  2049 | D:2      | Reached skill level 1 in Conjurations
  2049 | D:2      | Reached skill level 1 in Hexes
  2049 | D:2      | Reached skill level 1 in Summonings
  2049 | D:2      | Reached skill level 1 in Necromancy
  2049 | D:2      | Reached skill level 1 in Fire Magic
  2049 | D:2      | Reached skill level 1 in Ice Magic
  2049 | D:2      | Reached skill level 1 in Air Magic
  2049 | D:2      | Reached skill level 1 in Earth Magic
  2049 | D:2      | Reached skill level 1 in Poison Magic
  2346 | D:3      | Found a hazy altar of Hepliaklqana.
  2391 | D:3      | Reached XP level 5. HP: 8/40 MP: 2/12
  2582 | D:3      | Found a glowing drain.
  2601 | Sewer    | Entered a sewer
  2655 | Sewer    | Reached *** piety under Makhleb
  2691 | Sewer    | Reached XP level 6. HP: 35/47 MP: 10/13
  3205 | Sewer    | Reached skill level 5 in Dodging
  3270 | Sewer    | Succumbed to a kobold brigand's curare-tipped dart

Illustrated notes

Levels and vault maps discovered:
D:1:      dpeg_arrival_round_c, layout_basic, serial_shops,
          nicolae_shop_statue_plus, shapermc_ecumenical_altar_gd,
          lexackson_kobold_supper
D:2:      layout_loops_cross, minmay_gold_behind_fungi
D:3:      layout_loops_ring, mainiacjoe_overflow_chevrons,
          mainiacjoe_overflow_cross_hatched, gup_sewer_entry_pipe
Sewer:    sewer_co_tree

Skill      XL: |  1  2  3  4  5  6 |
---------------+-------------------+-----
Spellcasting   | 5 |  5.4
Invocations    | 1 2 |  2.3
Short Blades   | 1 2 |  2.1
Long Blades    | 1 2 |  2.1
Axes           | 1 2 |  2.1
Maces & Flails | 1 2 |  2.1
Polearms       | 1 2 |  2.1
Staves         | 1 2 |  2.1
Ranged Weapons | 1 2 |  2.1
Throwing       | 1 2 |  2.1
Armour         | 1 2 |  2.1
Stealth        | 1 2 |  2.1
Shields        | 1 2 |  2.1
Evocations     | 1 2 |  2.1
Translocations | 1 2 |  2.3
Conjurations   | 1 |  1.6
Hexes          | 1 |  1.6
Summonings     | 1 |  1.6
Necromancy     | 1 |  1.6
Fire Magic     | 1 |  1.6
Ice Magic      | 1 |  1.6
Air Magic      | 1 |  1.6
Earth Magic    | 1 |  1.6
Poison Magic   | 1 |  1.6
Fighting       | 3 |  3.3
Transmutations | 4 |  4.1
Dodging        | 5 |  5.0
Unarmed Combat | |  6.9

Action                   |  1- 3 |  4- 6 || total
-------------------------+-------+-------++-------
Melee: Unarmed           |   155 |   153 ||   308
       Kick              |    19 |       ||    19
       Headbutt          |     9 |       ||     9
       Bite              |    12 |       ||    12
       Punch             |    11 |       ||    11
 Cast: Beastly Appendage |    20 |     1 ||    21
       Wereblood         |     3 |     2 ||     5
       Spider Form       |     6 |    36 ||    42
Invok: Minor Destruction |       |     1 ||     1
 Stab: Sleeping          |     1 |     2 ||     3
Armor: Robe              |     9 |     1 ||    10
       Skin              |       |     6 ||     6
Dodge: Dodged            |    45 |    99 ||   144

Table legend: (Time is in decaauts)
 A = Elapsed time spent in this place.
 B = Non-inter-level travel time spent in this place.
 C = Inter-level travel time spent in this place.
 D = Time resting spent in this place.
 E = Time spent auto-exploring this place.
 F = Levels seen in this place.
 G = Mean time per level.
                   A        B        C        D        E       F      G
               +--------+--------+--------+--------+--------+-----+--------+
         Total |   3366 |   3315 |     51 |      3 |   2346 |   4 |  841.5 |
       Dungeon |   2574 |   2523 |     51 |      3 |   1818 |   3 |  858.0 |
         Sewer |    792 |    792 |      0 |      0 |    528 |   1 |  792.0 |
               +--------+--------+--------+--------+--------+-----+--------+

Top non-repeatable levels by time:
     D:1: 1203 daAuts
     D:2: 1118 daAuts
   Sewer: 792 daAuts
     D:3: 251 daAuts
